AoeStats
← MOPPA BA (Hons)

Lombardia

509976230Analyzed
4v4 RM · 3d ago on Sep 28, 2026· 63m 5s· 8 players
Game mode
Random Map
Map size
Large (8 player)
Population
200
Speed
Normal
Resources
Standard
Victory
Conquest
Starting age
Dark Age
Ending age
Imperial Age
RankedLock teamsTeams togetherTeam positionsShared explorationLock speedFull tech treeHidden civsTurbo modeCheats
Victory
Defeat
🇨🇳 Wei · China
1506
+14
🇭🇺 Mongols · Hungary
1487
+15
🇷🇴 Japanese · Romania
1436
+17
🇦🇺 Bengalis · Australia
1411
+18
🇬🇧 Cumans · United Kingdom
1539
-18
🇬🇧 Koreans · United Kingdom
1536
-19
🇬🇧 Celts · United Kingdom
1407
-14
🇬🇧 Slavs · United Kingdom
1374
-13
enzoyin68
8:27 Feudal Age
9:01 Double-Bit Axe
9:12 Horse Collar
10:34 Loom
30:14 Castle Age
29:54 Wheelbarrow
29:15 Gold Mining
30:04 Wheelbarrow
31:36 Bow Saw
32:14 Scale Barding Armor
32:19 Forging
32:24 Bloodlines
34:32 Husbandry
35:10 Heavy Plow
39:22 Hand Cart
44:03 Chain Barding Armor
44:20 Iron Casting
46:27 Imperial Age
44:42 Caravan
45:24 Tuntian
45:22 Stone Mining
45:50 Treadmill Crane
46:20 Masonry
48:14 Blast Furnace
49:34 Chemistry
49:40 Conscription
49:48 Ming Guang Armor
50:16 Gold Shaft Mining
50:17 Stone Shaft Mining
50:06 Elite Tiger Cavalry
51:11 Fortified Wall
51:47 Scale Mail Armor
51:50 Pikeman
52:31 Squires
55:56 Chain Mail Armor
55:15 Halberdier
56:52 Ballistics
59:08 Coinage
60:37 Hoardings
63:13 Crop Rotation
DraveczB
9:04 Loom
10:50 Feudal Age
12:47 Double-Bit Axe
13:12 Horse Collar
15:50 Castle Age
14:25 Forging
14:20 Scale Barding Armor
15:47 Bloodlines
20:56 Scale Barding Armor
22:34 Wheelbarrow
24:27 Gold Mining
25:59 Husbandry
26:57 Iron Casting
29:16 Chain Barding Armor
29:02 Town Watch
31:18 Heavy Plow
32:49 Bow Saw
34:23 Fletching
34:33 Padded Archer Armor
37:51 Imperial Age
35:20 Stone Mining
36:43 Hand Cart
37:18 Bodkin Arrow
37:38 Leather Archer Armor
37:47 Ballistics
38:29 Gold Shaft Mining
38:36 Bracer
39:38 Chemistry
38:05 Light Cavalry
40:00 Conscription
39:40 Heavy Cavalry Archer
39:54 Capped Ram
41:07 Thumb Ring
41:50 Parthian Tactics
42:02 Crossbowman
42:38 Elite Skirmisher
43:52 Hussar
45:33 Blast Furnace
45:15 Siege Ram
51:49 Caravan
56:32 Drill
56:15 Nomads
59:23 Siege Engineers
CatinaS
6:26 Loom
7:33 Loom
9:55 Feudal Age
10:30 Double-Bit Axe
12:22 Fletching
14:41 Padded Archer Armor
14:34 Gold Mining
15:36 Horse Collar
26:21 Castle Age
31:48 Wheelbarrow
32:28 Bodkin Arrow
32:49 Leather Archer Armor
33:06 Bow Saw
34:27 Ballistics
35:16 Gold Shaft Mining
35:13 Stone Mining
36:12 Thumb Ring
37:40 Hand Cart
37:11 Town Watch
39:01 Heavy Plow
43:10 Imperial Age
41:47 Scale Mail Armor
41:58 Forging
41:10 Pikeman
42:03 Squires
43:00 Fortified Wall
43:01 Masonry
43:09 Scale Barding Armor
43:21 Chain Mail Armor
42:53 Arson
43:59 Bracer
43:50 Heavy Cavalry Archer
45:22 Parthian Tactics
46:04 Chemistry
45:24 Caravan
46:29 Two-Man Saw
46:38 Ring Archer Armor
47:51 Plate Mail Armor
47:56 Iron Casting
48:21 Husbandry
48:31 Bloodlines
47:42 Light Cavalry
48:36 Bloodlines
48:26 Husbandry
47:50 Halberdier
49:45 Conscription
49:27 Yasama
51:32 Blast Furnace
51:05 Coinage
50:27 Capped Ram
54:51 Gambesons
54:27 Man-at-Arms
56:11 Hoardings
57:14 Scale Barding Armor
58:25 Town Patrol
58:23 Guard Tower
58:19 Arrowslits
58:41 Siege Engineers
61:42 Treadmill Crane
62:40 Keep
62:01 Murder Holes
Bubblegum_BTW
11:50 Feudal Age
15:50 Castle Age
14:24 Double-Bit Axe
15:21 Fletching
15:27 Gold Mining
15:34 Horse Collar
18:03 Bodkin Arrow
20:10 Padded Archer Armor
20:18 Loom
21:49 Bow Saw
23:51 Wheelbarrow
25:52 Stone Mining
27:23 Heavy Plow
27:34 Town Watch
28:53 Hand Cart
29:33 Ballistics
33:59 Imperial Age
34:51 Bracer
35:07 Leather Archer Armor
35:58 Conscription
35:45 Paiks
35:25 Elite Elephant Archer
38:20 Chemistry
41:25 Caravan
46:14 Mahayana
47:35 Coinage
48:41 Siege Elephant
58:03 Guilds
Clink
6:41 Loom
9:01 Feudal Age
11:56 Fletching
16:07 Double-Bit Axe
24:56 Castle Age
24:59 Crossbowman
25:36 Bodkin Arrow
31:06 Wheelbarrow
30:16 Town Watch
32:09 Horse Collar
32:23 Gold Mining
33:44 Ballistics
36:13 Bow Saw
38:52 Imperial Age
37:04 Husbandry
39:35 Bracer
40:38 Chemistry
40:03 Conscription
39:40 Elite War Wagon
47:49 Caravan
JustRightCereal
5:55 Loom
8:38 Feudal Age
9:25 Double-Bit Axe
23:11 Horse Collar
27:25 Castle Age
25:29 Stone Mining
25:46 Fletching
27:54 Bloodlines
28:24 Wheelbarrow
28:20 Bodkin Arrow
28:53 Bow Saw
28:51 Padded Archer Armor
29:20 Gold Mining
31:27 Ballistics
31:51 Leather Archer Armor
36:40 Imperial Age
37:56 Ring Archer Armor
38:29 Chemistry
38:41 Capped Ram
39:59 Town Watch
41:49 Siege Ram
43:17 Scale Barding Armor
43:22 Forging
42:42 Cavalier
45:23 Chain Barding Armor
45:38 Iron Casting
48:58 Plate Barding Armor
53:17 Light Cavalry
58:43 Paladin
MOPPA BA (Hons)
5:34 Loom
9:12 Feudal Age
9:50 Double-Bit Axe
15:31 Scale Barding Armor
17:51 Forging
19:05 Wheelbarrow
21:03 Bloodlines
25:09 Castle Age
23:17 Gold Mining
23:44 Stone Mining
26:43 Bow Saw
27:28 Hand Cart
27:58 Chain Barding Armor
28:21 Husbandry
33:54 Detinets
35:10 Iron Casting
34:39 Fletching
39:46 Bodkin Arrow
43:52 Imperial Age
42:50 Horse Collar
43:46 Caravan
45:01 Conscription
45:07 Conscription
45:26 Plate Barding Armor
44:18 Elite Boyar
46:59 Ballistics
47:40 Blast Furnace
46:33 Heavy Scorpion
49:11 Light Cavalry
53:52 Hussar
57:25 Cavalier
59:52 Heavy Plow
mintbubblyo
7:43 Loom
9:59 Feudal Age
12:11 Double-Bit Axe
12:49 Man-at-Arms
19:40 Scale Mail Armor
21:28 Forging
27:36 Castle Age
25:56 Horse Collar
29:08 Wheelbarrow
30:41 Scale Barding Armor
35:38 Hand Cart
38:09 Chain Barding Armor
38:24 Iron Casting
37:51 Town Watch
38:45 Gold Mining
39:01 Husbandry
40:20 Light Cavalry
43:56 Imperial Age
44:02 Cavalier
45:45 Blast Furnace
44:12 Onager
45:56 Paladin
47:50 Conscription
47:38 Siege Onager
49:41 Furor Celtica
52:02 Caravan
52:21 Hussar
53:25 Capped Ram
54:58 Siege Ram
Connection lost

Rejoining the realm…

Still unreachable

The connection could not be restored.

Session expired

The server has moved on; the page needs a fresh start.